nlksldanbklsad, neutral female scurrid Tourist -------+----- |....{..[*..| |...........| |........>@.| |........s... ------------- nlksldanbklsad the Rambler Experience level: 1 Strength: 11 Dexterity: 12 Constitution: 12 Intelligence: 13 Wisdom: 10 Charisma: 15 Health: 0(12) Energy: 2(2) Def: 0 Gold: 521 Moves: 108 Dungeon seed: J14gZ7Etyw0VD0Fx Game ID: nlksldanbklsad_1528521171 Your Inventory: Coins $ - 521 gold pieces Weapons a - 45 uncursed +2 darts (in quiver) Armor e - an uncursed +0 Hawaiian shirt (being worn) Comestibles b - 7 uncursed food rations c - an uncursed tripe ration d - an uncursed egg f - 2 uncursed cloves of garlic g - an uncursed apple Scrolls i - 4 uncursed scrolls of magic mapping o - an uncursed scroll of identify Wands l - an uncursed wand of secret door detection (0:13) n - an uncursed wand of make invisible (0:7) Tools j - an uncursed expensive camera (0:81) k - an uncursed credit card m - an uncursed towel Spells and supernatural/magical abilities: Name Level Category Fail Memory W - pray for help -- divine ? -- Your skills at the end: Miscellaneous Skills wands [Basic] Weapon Skills dart [Basic] Spellcasting Skills Final Attributes: You were devoutly aligned. Your writing paw was cramped from overuse. You had infravision. You were very stealthy. You are dead. Voluntary challenges: You went without food. You did not adorn yourself with jewelry or accessories. You did not cause conflict. You were not invisible. You did not have reflection. You were not displaced. You were an atheist. You never hit with a wielded weapon. You were a pacifist. You did not use tools. You did not use plumbed fixtures. You read items or engraved 4 times, starting on turn 76. You never genocided any monsters. You never polymorphed an object. You never changed form. You used no wishes. You never split a pudding. You wrote Elbereth's name 4 times, starting on turn 76. You never violated your personal moral code. Dungeon overview: The Dungeons of Doom: levels 1 to 11 Level 1 a long staircase Level 2 Level 3 Level 4 Level 5 Level 6 Level 7 some fountains Level 8 Level 9 Level 10 Level 11 <- You were here a fountain History has recorded: On T:1 you entered the Dungeons of Doom to retrieve the Amulet of Yendor! On T:9 you reached level 2 of The Dungeons of Doom. On T:16 you reached level 3 of The Dungeons of Doom. On T:22 you reached level 4 of The Dungeons of Doom. On T:28 you reached level 5 of The Dungeons of Doom. On T:34 you reached level 6 of The Dungeons of Doom. On T:48 you reached level 7 of The Dungeons of Doom. On T:68 you reached level 8 of The Dungeons of Doom. On T:82 you reached level 9 of The Dungeons of Doom. On T:100 you reached level 10 of The Dungeons of Doom. On T:106 you reached level 11 of The Dungeons of Doom. Score breakdown: Gold: 0 ( 0 points) Experience: 1 level ( 0 points) Exploration: 11 levels ( 300 points) Discoveries: 2 items ( 100 points) Variety of kills: 0 monsters ( 0 points) Major goal: (nothing yet) ( 0 points) Survival: died (score multiplied by 3) Total score: 1200 Latest messages: You crawl to the edge of the pit. A board beneath you squeaks loudly. You start digging downward. You continue digging downward. You dig a pit in the floor. You continue digging downward. (6x) You dig a hole through the floor. You fall through... You start digging downward. You continue digging downward. You dig a pit in the floor. You continue digging downward. (6x) You dig a hole through the floor. You fall through... You start digging downward. You write in the dust with your fingers. Your writing paw is beginning to cramp. You manage to get your message written, but the effort is draining. You add to the writing in the dust with your fingers. Your paw is really cramping up. You manage to get your message written, but the effort is draining. The centipede bites! You die... Final status: Aloha nlksldanbklsad the Tourist, killed by a centipede... You died in The Dungeons of Doom on dungeon level 11 with 1200 points, and 521 pieces of gold, after 108 moves. You were level 1 with a maximum of 12 hit points when you died.